 Dungeon Crawl Stone Soup version 0.32-a0-909-gc671339a80 (webtiles) character file.

Game seed: 13149070907974198868

9 Chiseanne the Cutter (level 2, 21/21 HPs)
             Began as a Demonspawn Wanderer on Apr 7, 2024.
             Quit the game on level 1 of the Dungeon.
             The game lasted 00:00:38 (331 turns).

Chiseanne the Cutter (Demonspawn Wanderer)           Turns: 331, Time: 00:00:38

Health: 21/21      AC:  5    Str: 16    XL:     2   Next: 3%
Magic:  2/2        EV: 10    Int: 10    God:
Gold:   44         SH:  0    Dex: 10    Spells: 1/1 levels left

rFire   . . .        a - +0 rapier
rCold   . . .        (no shield)
rNeg    . . .        c - +0 ring mail
rPois   .            (no helmet)
rElec   .            (no cloak)
rCorr   .            (no gloves)
SInv    .            (no boots)
Will    .....        (no amulet) Stlth
                     (no ring)
HPRegen 0.23/turn    (no ring)
MPRegen 0.08/turn

%: no passive effects
@: no status effects
A: demonic touch 1
a: no special abilities


You were on level 1 of the Dungeon.
You visited 1 branch of the dungeon, and saw 1 of its levels.

You collected 44 gold pieces.

Inventory:

Hand Weapons
 a - a +0 rapier (weapon)
 b - a +0 hand axe
Missiles
 e - 6 stones (quivered)
Armour
 c - a +0 ring mail (worn)
Potions
 d - a potion of mutation


   Skills:
 * Level 1.4 Fighting
 - Level 3.6 Short Blades
 - Level 1.0 Axes
 * Level 2.0 Armour
 * Level 2.0 Dodging


You had one spell level left.
You didn't know any spells.
Your spell library was empty.

Dungeon Overview and Level Annotations

Branches:
Dungeon (1/15)

Altars:


Innate Abilities, Weirdness & Mutations

Your touch may inflict minor irresistible damage on your foes.


Message History

There is an open door here.
You see here a bat corpse.
A hobgoblin and a quokka come into view.
The hobgoblin moves out of view.
You hit the hobgoblin but do no damage. The hobgoblin barely misses you.
You hit the quokka.
The quokka is severely wounded.
The quokka bites you but does no damage.
The hobgoblin completely misses you.
You closely miss the quokka.
The quokka is severely wounded.
The quokka bites you.
The hobgoblin hits you but does no damage.
You hit the quokka.
You kill the quokka!
The hobgoblin hits you.
You closely miss the hobgoblin. The hobgoblin barely misses you.
You barely miss the hobgoblin. The hobgoblin closely misses you.
You hit the hobgoblin.
The hobgoblin is almost dead.
The hobgoblin completely misses you.
You hit the hobgoblin but do no damage.
The hobgoblin is almost dead.
The hobgoblin hits you but does no damage.
You barely miss the hobgoblin.
The hobgoblin is almost dead.
The hobgoblin hits you but does no damage.
You closely miss the hobgoblin.
The hobgoblin is almost dead.
The hobgoblin barely misses you.
You hit the hobgoblin.
You kill the hobgoblin!
You have reached level 2!
You feel monstrous as your demonic heritage exerts itself.
Your demonic ancestry asserts itself...
Your hands begin to faintly glow with unholy energy.
You now have 44 gold pieces (gained 16).
An endoplasm comes into view.
The endoplasm quivers.
Are you sure you want to abandon this character and quit the game? (Confirm with "yes".)

############
#........... #######
#...........
##.....######.........J.
........................
##.....###..............
#.....# #..............
##.....###......@.......
...........##...........
...........###########..
...........#
...........#
...........##
.##+#####...# # #.#.#
###.#.#######


You could see an endoplasm.

Vanquished Creatures
  2 bats (D:1)
  A giant cockroach (D:1)
  A goblin (D:1)
  A hobgoblin (D:1)
  A quokka (D:1)
  A ball python (D:1)
  A frilled lizard (D:1)
8 creatures vanquished.

Notes
Turn   | Place    | Note
-------+----------+-------------------------------------------
     0 | D:1      | Chiseanne the Demonspawn Wanderer began the quest for the
                  | Orb.
     0 | D:1      | Chiseanne set off with the following items: a +0 rapier, a
                  | +0 hand axe, a +0 ring mail, a potion of mutation.
     0 | D:1      | Reached XP level 1. HP: 15/15 MP: 1/1
   255 | D:1      | Discovered your monstrous ancestry.
   255 | D:1      | Gained mutation: Your touch may inflict minor irresistible
                  | damage on your foes. [demonic ancestry]
   255 | D:1      | Reached XP level 2. HP: 15/21 MP: 2/2
   331 | D:1      | Quit the game

Illustrated notes

Levels and vault maps discovered:
D:1:      dpeg_arrival_radiant, layout_basic, nrook_uturn, minmay_tripent

Skill      XL: |  1 |
---------------+----+-----
Armour         | 2 |  2.0
Dodging        | 2 |  2.0
Fighting       | |  1.4
Short Blades   | |  3.6
Axes           | |  1.0

Action                     || total
---------------------------++-------
  Melee: Rapier            ||    31
 Armour: Ring mail         ||    27
  Dodge: Dodged            ||    19

Table legend: (Time is in decaauts)
 A = Elapsed time spent in this place.
 B = Non-inter-level travel time spent in this place.
 C = Inter-level travel time spent in this place.
 D = Time resting spent in this place.
 E = Time spent auto-exploring this place.
 F = Levels seen in this place.
 G = Mean time per level.
                   A        B        C        D        E       F      G
               +--------+--------+--------+--------+--------+-----+--------+
         Total |    331 |    331 |      0 |     20 |    256 |   1 |  331.0 |
       Dungeon |    331 |    331 |      0 |     20 |    256 |   1 |  331.0 |
               +--------+--------+--------+--------+--------+-----+--------+

Top non-repeatable levels by time:
     D:1: 331 daAuts
